 Dungeon Crawl Stone Soup version 0.17-a0-1910-g4c791fa (webtiles) character file.

269 Goblin1989 the Insei (level 6, -6/32 HPs)
             Began as a Vine Stalker Monk on Sept 25, 2015.
             Killed by divine providence
             ... invoked by an orc priest
              (10 damage)
             ... on level 4 of the Dungeon.
             The game lasted 00:06:57 (2251 turns).

Goblin1989 the Insei (Vine Stalker Monk)            Turns: 2251, Time: 00:06:57

Health: -6/32      AC:  4    Str: 13    XL:     6   Next: 22%
Magic:  0/7        EV: 13    Int: 10    God:
Gold:   111        SH:  0    Dex: 19    Spells: 0 memorised, 5 levels left

rFire  . . .     SeeInvis .       - Unarmed
rCold  . . .     Clarity  .     a - +1 robe
rNeg   . . .     SustAt   .     (no shield)
rPois  .         Gourm    .     (no helmet)
rElec  .         Spirit   +     k - +0 cloak
rCorr  .         Warding  .     (no gloves)
rMut   .         Stasis   .     (no boots)
MR     .....                    (no amulet)
Stlth  ++........               (no ring)
                                (no ring)

@: about to teleport, not resistant to hostile enchantments, unstealthy
A: fangs 2, regeneration 2, magic shield, antimagic bite, no device heal 3, rot
immunity
a: no special abilities


You were on level 4 of the Dungeon.
You were not hungry.

You visited 1 branch of the dungeon, and saw 4 of its levels.

You collected 111 gold pieces.

Inventory:

Armour
 a - a +1 robe (worn)
 k - a +0 cloak (worn)
Magical devices
 n - a wand of frost (48)
Scrolls
 e - a scroll of teleportation
 g - 2 scrolls of identify
 i - a scroll of amnesia
 j - a scroll of recharging
 l - a scroll of remove curse
 p - 2 scrolls of enchant armour
Potions
 c - a potion of flight
 d - a potion of heal wounds {unknown}
 f - 2 potions of curing {unknown}
 h - 2 potions of haste {unknown}
 q - a potion of degeneration {unknown}
Books
 r - a book of the Sky

   Spells                             Type                      Level
   a - Summon Lightning Spire         Summoning/Air                4
   b - Airstrike                      Air                          4
   c - Silence                        Hexes/Air                    5
   d - Deflect Missiles               Charms/Air                   6
   e - Conjure Ball Lightning         Conjuration/Air              6
   f - Tornado                        Air                          9
Comestibles
 b - 3 bread rations
 o - a slice of pizza


   Skills:
 - Level 2.6 Fighting
 - Level 2.4 Dodging
 + Level 2.6 Stealth
 * Level 7.2 Unarmed Combat


You had 5 spell levels left.
You didn't know any spells.

Dungeon Overview and Level Annotations

Branches:
Dungeon (4/15)
 Temple: D:4-7

Altars:
Fedhas
Sif Muna
The Shining One

Annotations:
D:2 exclusion: oklob plant


Innate Abilities, Weirdness & Mutations

You have extremely sharp teeth.
You heal very quickly.
When hurt, damage is shared between your health and your magic reserves.
Your bite disrupts and absorbs the magic of your enemies.
Potions and wands cannot restore your health.
You are immune to rotting.


Message History

You closely miss the orc priest. Your bite misses the orc priest.
The orc priest is almost dead.
You closely miss the orc priest. You bite the orc priest. You drain its power.
You feel invigorated.
You kill the orc priest!
The orc wizard casts a spell at you. The puff of frost hits you!
* * * LOW HITPOINT WARNING * * *
The orc hits you with a dagger.
* * * LOW HITPOINT WARNING * * *
The orc wizard points at you and mumbles some strange words.
The puff of frost misses you.
The orc throws a stone.
The stone misses you.
You see here a stone.
Read which item? (? for menu, Esc to quit)
Read which item? (? for menu, Esc to quit)
As you read the scroll of teleportation, it crumbles to dust.
You feel strangely unstable.
The orc priest invokes the aid of Beogh against you.
Something smites you!
You die...

..<......## %.....
..........# ......#
..........## .......
...........# .......
.......^...# .......##
...........# ........#
.........<.# .......Z####
...........#
......ooa@.####.........#.
......o##....#####........
......# ####....#####...##
.....# #####....##.÷##
...## ##....###....## ..
##.....†.###.## .
##.............#
#............#.#
#............#.#


You could see a worker ant, an orc priest, an orc wizard, an orc and a centaur
skeleton.

Vanquished Creatures
  A giant frog (D:3)
  A scorpion (D:4)
  A hound (D:3)
  An orc priest (D:4)
  4 gnolls (D:2)
  2 adders (D:2)
  3 worms
  2 giant geckos (D:3)
  2 orcs
  2 ball pythons (D:1)
  2 giant cockroaches
  2 goblins
  5 hobgoblins
  5 jackals
  A quokka (D:2)
  3 bats (D:2)
  4 giant newts
  2 kobolds
  8 rats
51 creatures vanquished.

Notes
Turn   | Place    | Note
--------------------------------------------------------------
     0 | D:1      | Goblin1989 the Vine Stalker Monk began the quest for the Orb.
     0 | D:1      | Reached XP level 1. HP: 11/11 MP: 2/2
   215 | D:1      | Reached XP level 2. HP: 16/16 MP: 3/3
   643 | D:2      | Found a blossoming altar of Fedhas.
   656 | D:2      | Noticed an oklob plant
   896 | D:2      | Reached skill level 5 in Unarmed Combat
   896 | D:2      | Reached XP level 3. HP: 14/19 MP: 4/4
  1058 | D:2      | Reached XP level 4. HP: 14/23 MP: 5/5
  1478 | D:3      | Noticed a giant frog
  1486 | D:3      | Killed a giant frog
  1486 | D:3      | Reached skill level 6 in Unarmed Combat
  1486 | D:3      | Reached XP level 5. HP: 14/27 MP: 3/6
  1694 | D:3      | Found a glowing golden altar of the Shining One.
  2048 | D:3      | Found a deep blue altar of Sif Muna.
  2198 | D:4      | Reached skill level 7 in Unarmed Combat
  2198 | D:4      | Gained mutation: You heal very quickly. [Vine Stalker growth]
  2198 | D:4      | Reached XP level 6. HP: 16/32 MP: 4/7
  2251 | D:4      | Killed from afar by an orc priest

Vault maps used:
D:1:      sevenhm_arrival_forest_fort_small_2
D:2:      tgw_fedhas
D:3:      led_sif_pool, overflow_temple_1_default, first_bread,
          roderic_lattice_a
D:4:      minmay_temple_entry_butterflies, enter_ossuary_5

Action                   |  1- 3 |  4- 6 || total
-------------------------+-------+-------++-------
Melee: Unarmed           |    64 |    74 ||   138
  Use: Scroll            |       |    11 ||    11
 Stab: Sleeping          |     6 |     4 ||    10
  Eat: Chunk             |       |     4 ||     4
